 Dungeon Crawl Stone Soup version 0.23.2-1-ga50397a (webtiles) character file.

Game seed: 15212765691750016548

1570 tdavidsm the Poker (level 9, -3/64 HPs)
             Began as a Formicid Earth Elementalist on Apr 8, 2019.
             Was a Priest of Zin.
             Slain by a porcupine (7 damage)
             ... on level 8 of the Dungeon on Apr 15, 2019.
             The game lasted 00:53:20 (6395 turns).

tdavidsm the Poker (Formicid Earth Elementalist)    Turns: 6395, Time: 00:53:20

Health: -3/64      AC:  8    Str: 14    XL:     9   Next: 13%
Magic:  14/14      EV: 13    Int: 17    God:    Zin [***...]
Gold:   32         SH:  0    Dex: 13    Spells: 4/15 levels left

rFire    . . .     SeeInvis +   M - +2 hand crossbow (freeze)
rCold    . . .     Gourm    .   (no shield)
rNeg     + . .     Faith    .   r - +2 leather armour (curse)
rPois    ∞         Spirit   .   (helmet unavailable)
rElec    .         Reflect  .   L - +2 ratskin cloak {+Rats rPois rN+ Str-1 Int-1 Dex+1}
rCorr    .         Harm     .   (no gloves)
MR       +....                  (no boots)
Stlth    ++........             (no amulet)
HPRegen  0.20/turn              H - ring of protection from magic
MPRegen  0.14/turn              (no ring)

@: vitalised, flying (expiring), lightly drained
A: permanent stasis, dig shafts and tunnels, four strong arms, antennae 3
a: Dig, Shaft Self, Recite, Vitalisation, Imprison, Donate Gold, Renounce
Religion, Evoke Ratskin


You were on level 8 of the Dungeon.
You worshipped Zin.
Zin was most pleased with you.
You were not hungry.

You visited 1 branch of the dungeon, and saw 8 of its levels.

You collected 424 gold pieces.
You spent 350 gold pieces at shops.
You donated 42 gold pieces to Zin.

Inventory:

Hand Weapons
 a - a +0 dagger
 h - a +0 whip
 m - a +0 short sword
 t - a +0 mace
 x - a +0 hand axe of chopping
 A - a +0 long sword of electrocution
 C - a +3 halberd of protection
 D - a +0 halberd of flaming
 I - a +0 shortbow
 M - a +2 hand crossbow of freezing (weapon)
 O - a +2 dagger of venom
 P - a +3 hand axe
 Q - a +2 dagger of electrocution
 S - a +3 trident of protection
Missiles
 b - 159 stones
 j - 100 arrows
 s - 82 bolts (quivered)
 u - 22 sling bullets
 R - 3 tomahawks of dispersal
Armour
 c - a +0 robe
 n - a +0 leather armour
 r - a cursed +2 leather armour (worn)
 B - a +0 plate armour
 L - the +2 ratskin cloak (worn) {+Rats rPois rN+ Str-1 Int-1 Dex+1}
   (You found it on level 6 of the Dungeon)

   It affects your strength (-1).
   It affects your intelligence (-1).
   It affects your dexterity (+1).
   It protects you from poison.
   It protects you from negative energy.
Jewellery
 H - a ring of protection from magic (left hand)
Wands
 e - a wand of random effects (11)
 G - a wand of polymorph (4)
Scrolls
 f - a scroll of immolation
 i - 5 scrolls of remove curse {unknown}
 w - 2 scrolls of fog {unknown}
 y - 5 scrolls of teleportation {unknown}
 z - a scroll of fear {unknown}
 E - 7 scrolls of identify {unknown}
 J - a scroll of noise {unknown}
Potions
 g - a potion of berserk rage {unknown}
 l - a potion of resistance {unknown}
 o - 2 potions of haste
 p - a potion of flight
 q - a potion of lignification
 v - 2 potions of ambrosia
 F - a potion of magic {unknown}
 K - a potion of degeneration {unknown}
 N - a potion of cancellation
Comestibles
 d - 8 rations


   Skills:
 + Level 3.4 Fighting
 + Level 0.1(0.0) Short Blades
 + Level 0.8(0.7) Maces & Flails
 + Level 5.6 Polearms
 + Level 3.9(3.8) Crossbows
 + Level 2.8 Armour
 + Level 3.9(3.8) Dodging
 + Level 4.3 Stealth
 + Level 3.7 Spellcasting
 + Level 1.1(1.0) Transmutations
 + Level 5.2(5.1) Earth Magic
 + Level 0.4(0.3) Invocations


You had 4 spell levels left.
You knew the following spells:

 Your Spells              Type           Power        Failure   Level  Hunger
a - Sandblast             Erth           ###...       2%          1    None
b - Passwall              Tmut/Erth      ##......     9%          2    ##.....
c - Stone Arrow           Conj/Erth      ##....       21%         3    ###....
d - Lee's Rapid Deconstr  Erth           ###.......   54%         5    ######.

Your spell library contained the following spells:

 Spells                   Type           Power        Failure   Level  Hunger
 Petrify                  Tmut/Erth      ##......     50%         4    ####...


Dungeon Overview and Level Annotations

Branches:
Dungeon (8/15)
 Temple: D:4-7         Lair: D:8-11

Altars:
Gozag
Ru
Zin

Shops:
D:6 (

Annotations:
D:1 Terence


Innate Abilities, Weirdness & Mutations

You cannot be hasted, slowed, berserked, paralysed or teleported.
You can dig through walls and to a lower floor.
Your four strong arms can wield two-handed weapons with a shield.
You have a pair of large antennae on your head. (SInv)


Message History

Firing (i - inventory. (/) - cycle)
s - 85 bolts (quivered)
Press: ? - help, Shift-Dir - straight line, f/p - porcupine
Aim: a porcupine You shoot a bolt.
The bolt barely misses the porcupine.
The porcupine bites you!
* * * LOW HITPOINT WARNING * * *
The porcupine bites you. Zin protects you from harm!
Firing (i - inventory. (/) - cycle)
s - 84 bolts (quivered)
Press: ? - help, Shift-Dir - straight line, f/p - porcupine
Aim: a porcupine You shoot a bolt.
The bolt hits the porcupine!
The bolt freezes the porcupine.
The porcupine is heavily wounded.
The porcupine bites you but does no damage.
Firing (i - inventory. (/) - cycle)
s - 83 bolts (quivered)
Press: ? - help, Shift-Dir - straight line, f/p - porcupine
Aim: a porcupine (heavily wounded)
You shoot a bolt. The bolt barely misses the porcupine.
The porcupine closely misses you. The porcupine bites you!
You die...

......P.
.P PP..P.
.. .
P....P..
.. ....♣.
.. #....
.# #...
.####
#r(#......
#.@...#
#.....#
#######


You could see a porcupine.

Vanquished Creatures
  A water moccasin (D:6)
  2 sky beasts
  A phantom (D:7)
  An ogre (D:6)
  A centaur (D:6)
  A big kobold (D:6)
  A scorpion (D:7)
  A crimson imp (D:5)
  A centaur zombie (D:5)
  2 hounds (D:7)
  3 bullfrog skeletons
  3 orc wizards
  A hell rat (D:6)
  7 worker ants
  A hound zombie (D:5)
  A hound skeleton (D:5)
  Robin (D:4)
  7 gnolls
  11 adders
  6 river rats (D:6)
  3 shadow imps
  An ooze (D:1)
  3 worms (D:2)
  5 dart slugs
  3 leopard geckos
  14 orcs
  A ball python (D:1)
  2 giant cockroaches
  8 goblins
  9 hobgoblins
  9 jackals
  8 kobolds
  A quokka (D:8)
  3 bats
  5 frilled lizards
  A leopard gecko skeleton (D:4)
  A leopard gecko zombie (D:5)
  2 quokka skeletons
  20 rats
152 creatures vanquished.

Notes
Turn   | Place    | Note
-------+----------+-------------------------------------------
     0 | D:1      | tdavidsm the Formicid Earth Elementalist began the quest
                  | for the Orb.
     0 | D:1      | Reached XP level 1. HP: 13/13 MP: 3/3
   606 | D:1      | Reached XP level 2. HP: 19/19 MP: 3/5
   610 | D:1      | Learned a level 2 spell: Passwall
   829 | D:1      | You fall through a shaft!
   920 | D:2      | Reached XP level 3. HP: 21/24 MP: 4/6
  1168 | D:2      | Reached XP level 4. HP: 30/30 MP: 6/8
  1217 | D:2      | Noticed Terence
  1336 | D:1      | You fall through a shaft!
  2245 | D:3      | Reached XP level 5. HP: 32/35 MP: 9/9
  2552 | D:3      | Found a glowing silver altar of Zin.
  2557 | D:3      | Became a worshipper of Zin the Law-Giver
  2557 | D:3      | Reached * piety under Zin
  2785 | D:4      | Reached skill level 1 in Fighting
  2785 | D:4      | Reached skill level 1 in Armour
  2936 | D:4      | Noticed Robin
  2945 | D:4      | Killed Robin
  2961 | D:4      | Reached XP level 6. HP: 16/43 MP: 11/11
  3013 | D:4      | Reached skill level 1 in Polearms
  3502 | D:4      | Found a sacrificial altar of Ru.
  3675 | D:5      | Entered Level 5 of the Dungeon
  3976 | D:5      | Reached XP level 7. HP: 45/49 MP: 12/12
  4273 | D:5      | Found an opulent altar of Gozag.
  4674 | D:6      | Reached ** piety under Zin
  4939 | D:6      | Reached skill level 5 in Earth Magic
  4991 | D:6      | Noticed a water moccasin
  4999 | D:6      | Killed a water moccasin
  4999 | D:6      | Reached XP level 8. HP: 30/57 MP: 13/13
  5242 | D:6      | Found the +2 ratskin cloak {+Rats rPois rN+ Str-1 Int-1
                  | Dex+1}
  5279 | D:6      | Reached skill level 5 in Polearms
  5360 | D:6      | Found Kufeomp's Antique Weapon Emporium.
  5366 | D:6      | Bought a runed hand crossbow for 175 gold pieces
  5434 | D:6      | Learned a level 3 spell: Stone Arrow
  5440 | D:6      | Learned a level 5 spell: Lee's Rapid Deconstruction
  5628 | D:5      | Noticed a rust devil
  5628 | D:5      | Noticed a rust devil
  5663 | D:6      | Upgraded the game from 0.23.2 to 0.23.2-1-ga50397a
  5689 | D:6      | Reached skill level 1 in Crossbows
  5906 | D:7      | Reached *** piety under Zin
  5963 | D:7      | Reached XP level 9. HP: 59/64 MP: 14/14
  6000 | D:6      | Bought a glowing trident for 175 gold pieces
  6384 | D:7      | HP: 2/64 [orc/+0 trident (7)]
  6393 | D:8      | HP: 3/64 [porcupine (13)]
  6393 | D:8      | Zin protects you from harm!
  6395 | D:8      | Slain by a porcupine

Skill      XL: |  1  2  3  4  5  6  7  8 |
---------------+-------------------------+-----
Dodging        | 2 3 |  3.9
Earth Magic    | 4 5 |  5.2
Spellcasting   | 3 |  3.7
Fighting       | 1 2 3 |  3.4
Armour         | 1 2 |  2.8
Stealth        | 3 4 |  4.3
Polearms       | 2 4 5 |  5.6
Crossbows      | 3 |  3.9
Short Blades   | |  0.1
Maces & Flails | |  0.8
Transmutations | |  1.1
Invocations    | |  0.4

Action                   |  1- 3 |  4- 6 |  7- 9 || total
-------------------------+-------+-------+-------++-------
Melee: Dagger            |    66 |     7 |       ||    73
       Mace              |       |    37 |       ||    37
       Hand axe          |       |    20 |       ||    20
       Halberd           |       |   118 |   145 ||   263
       Long sword        |       |     1 |       ||     1
       Trident           |       |       |    14 ||    14
       Hand crossbow     |       |       |     1 ||     1
 Fire: Hand crossbow     |       |       |    93 ||    93
 Cast: Sandblast         |    23 |    26 |    11 ||    60
       Passwall          |     1 |       |       ||     1
       Stone Arrow       |       |       |     1 ||     1
Invok: Recite            |       |       |     1 ||     1
       Vitalisation      |       |       |     1 ||     1
 Abil: Dig               |     1 |     3 |     4 ||     8
       Shaft Self        |     1 |     1 |       ||     2
       Evoke Ratskin     |       |       |     1 ||     1
  Use: Scroll            |       |     3 |       ||     3
       Potion            |       |     2 |     4 ||     6
 Stab: Sleeping          |       |     1 |     4 ||     5
  Eat: Chunk             |     2 |     1 |     1 ||     4
       Ration            |       |     3 |     2 ||     5
Armor: Robe              |    36 |     2 |       ||    38
       Leather armour    |       |    62 |   126 ||   188
       Skin              |       |     9 |       ||     9
Dodge: Dodged            |    67 |   172 |   225 ||   464
       Rpst.: Long sword |       |     1 |       ||     1
